 Dungeon Crawl Stone Soup version 0.32-a0-131-g9dbbe29261 (webtiles) character file.

Game seed: 4190690596782438180

32 Esekla the Sneak (level 3, 0/26 HPs)
             Began as an Octopode Delver on Feb 8, 2024.
             Slain by a gnoll
             ... wielding a +0 spear
              (5 damage)
             ... on level 5 of the Dungeon.
             The game lasted 00:06:23 (683 turns).

Esekla the Sneak (Octopode Delver)                   Turns: 683, Time: 00:06:23

Health: 0/26       AC:  1    Str: 11    XL:     3   Next: 25%
Magic:  4/4        EV: 13    Int: 14    God:
Gold:   10         SH:  0    Dex: 13    Spells: 3/3 levels left

rFire   . . .        a - +0 falchion
rCold   . . .        (no shield)
rNeg    . . .        (helmet restricted)
rPois   .            (no amulet)
rElec   .            (no ring)
rCorr   .            (no ring)
SInv    .            (no ring)
Will    .....        (no ring)
Stlth   ++++         (no ring)
HPRegen 0.24/turn    (no ring)
MPRegen 0.09/turn    (no ring)
                     (no ring)

%: no passive effects
@: no status effects
A: almost no armour, amphibious, 8 rings, camouflage 1, gelatinous body 1,
(nimble swimmer 1), tentacles
a: no special abilities


You were on level 5 of the Dungeon.
You visited 1 branch of the dungeon, and saw 1 of its levels.

You collected 10 gold pieces.

Inventory:

Hand Weapons
 a - a +0 falchion (weapon)
 c - a +2 hammer of draining
Wands
 f - a wand of digging (2)
Scrolls
 b - a scroll of fog
 d - a scroll of noise {unknown}
 h - a scroll of blinking {unknown}
 i - a scroll of identify {unknown}
Potions
 e - a potion of haste
 g - a potion of lignification {unknown}


   Skills:
 * Level 3.2 Fighting
 + Level 2.0 Long Blades
 * Level 2.2 Dodging
 + Level 7.2 Stealth
 * Level 0.7 Spellcasting


You had 3 spell levels left.
You didn't know any spells.
Your spell library contained the following spells:

 Spells                   Type           Power      Damage    Failure   Level
 Ensorcelled Hibernation  Hex/Ice        0%         N/A       38%         2
 Fugue of the Fallen      Necr           0%         N/A       63%         3
 Anguish                  Hex/Necr       0%         N/A       95%         4


Dungeon Overview and Level Annotations

Branches:
Dungeon (5/15)
 Temple: D:4-7

Altars:
Elyvilon
Makhleb
Okawaru
Uskayaw
The Shining One

Shops:
D:5 *?

Annotations:
D:5 1 runed translucent door, Crazy Yiuf, Grinder


Innate Abilities, Weirdness & Mutations

You cannot wear most types of armour.
You are amphibious.
You can wear up to eight rings at the same time.
Your skin changes colour to match your surroundings (Stealth+).
Your rubbery body absorbs attacks. (AC +1, EV +1)
((You are camouflaged when in or above water. (Stealth+)))
You have tentacles for arms and can constrict up to eight enemies at once.


Message History

Found a hammer.
You see here a +0 flail.
You see here a +0 hammer.
Found the +10 morningstar "Eos" {elec, Halo rElec}.
Found a runed translucent door.
Press: ? - help, v - describe, . - travel
Here: Crazy Yiuf, wielding a +2 quarterstaff of chaos and wearing a +0 cloak (asleep, fire blocked by a runed translucent door)
The floor.
You see here a +0 hammer.
You see here a +0 flail.
You see here a +0 flail.
Okay, then.
Search for what [? for help]? dagger You start waiting.
A gnoll is nearby!
You catch the helpless gnoll completely off-guard!
You hit the gnoll. Your grab misses the gnoll.
The gnoll is lightly wounded.
The gnoll closely misses you. The gnoll completely misses you.
You closely miss the gnoll. You grab the gnoll. Your squeeze misses the gnoll.
You constrict the gnoll. The gnoll hits you with a +0 spear!
You hit the gnoll.
The gnoll is lightly wounded.
You constrict the gnoll, but do no damage.
The gnoll hits you with a +0 spear.
You hit the gnoll but do no damage.
The gnoll is lightly wounded.
You constrict the gnoll. The gnoll hits you with a +0 spear.
You hit the gnoll but do no damage.
The gnoll is moderately wounded.
You constrict the gnoll, but do no damage.
The gnoll hits you with a +0 spear.
* * * LOW HITPOINT WARNING * * *
You hit the gnoll.
The gnoll is heavily wounded.
You constrict the gnoll. The gnoll closely misses you. The gnoll misses you.
You hit the gnoll.
The gnoll is almost dead.
You constrict the gnoll. The gnoll hits you with a +0 spear.
You die...

####♣♣ **###
##..#.♣♣ **#..)#
#......♣♣♣♣.+..g#
#.g)....♣..♣*,,,*
#.#@#).♣.♣♣♣*****
##.###♣♣♣♣♣ #∩..#
#...#### #......#
#.g....#
#############......#
...................#
#############......#


You could see a gnoll.

Vanquished Creatures
  A gnoll (D:5)
  4 ufetubi (D:5)
5 creatures vanquished.

Notes
Turn   | Place    | Note
-------+----------+-------------------------------------------
     0 | D:5      | Esekla the Octopode Delver began the quest for the Orb.
     0 | D:5      | Reached XP level 1. HP: 16/16 MP: 1/1
     4 | D:5      | Found Funyocro's General Store.
    28 | D:5      | Noticed Grinder
    35 | D:5      | Noticed an orc priest
    58 | D:5      | Reached XP level 2. HP: 3/21 MP: 2/2
   406 | D:5      | Reached skill level 7 in Stealth
   413 | D:5      | Found Evvothu's Magic Scroll Emporium.
   425 | D:5      | Found a hide-covered altar of Uskayaw.
   427 | D:5      | Found a burning altar of Makhleb.
   427 | D:5      | Found a glowing golden altar of the Shining One.
   482 | D:5      | Found an iron altar of Okawaru.
   488 | D:5      | Reached XP level 3. HP: 26/26 MP: 2/4
   558 | D:5      | Found a white marble altar of Elyvilon.
   654 | D:5      | Found a runed translucent door.
   654 | D:5      | Found the +10 morningstar "Eos" {elec, Halo rElec}
   655 | D:5      | Noticed Crazy Yiuf
   683 | D:5      | Slain by a gnoll

Illustrated notes

Levels and vault maps discovered:
D:5:      layout_rooms, kennysheep_vampire_church, general_overflow_altar,
          mainiacjoe_overflow_small_starburst,
          chequers_temple_overflow_statue_of_worship, serial_shops, shop, shop,
          shop, shop, sword_in_stone, uniq_crazy_yiuf_cottage, uniq_grinder

Skill      XL: |  1  2 |
---------------+-------+-----
Stealth        | 7 |  7.2
Fighting       | |  3.2
Long Blades    | |  2.0
Dodging        | |  2.2
Spellcasting   | |  0.7

Action                     || total
---------------------------++-------
  Melee: Falchion          ||    21
         Tentacles         ||     3
         Constrict         ||     4
  Evoke: Wand              ||     1
    Use: Scroll            ||     2
   Stab: Distracted        ||     1
 Armour: Skin              ||    19
  Dodge: Dodged            ||    15

Table legend: (Time is in decaauts)
 A = Elapsed time spent in this place.
 B = Non-inter-level travel time spent in this place.
 C = Inter-level travel time spent in this place.
 D = Time resting spent in this place.
 E = Time spent auto-exploring this place.
 F = Levels seen in this place.
 G = Mean time per level.
                   A        B        C        D        E       F      G
               +--------+--------+--------+--------+--------+-----+--------+
         Total |    687 |    687 |      0 |    357 |      0 |   1 |  687.0 |
       Dungeon |    687 |    687 |      0 |    357 |      0 |   1 |  687.0 |
               +--------+--------+--------+--------+--------+-----+--------+

Top non-repeatable levels by time:
     D:5: 687 daAuts
